 Dungeon Crawl Stone Soup version 0.21.1 (webtiles) character file.

1266 tidbits the Charmwright (level 8, 48/64 HPs)
             Began as a Gnoll Skald on Feb 2, 2018.
             Quit the game on level 6 of the Dungeon.
             The game lasted 00:15:46 (1433 turns).

tidbits the Charmwright (Gnoll Skald)               Turns: 1433, Time: 00:15:47

Health: 48/64      AC:  5    Str: 13    XL:     8   Next: 52%
Magic:  8/17       EV: 15    Int: 19    God:
Gold:   172        SH:  0    Dex: 14    Spells: 9/19 levels left

rFire    . . .     SeeInvis .   a - +0 hand axe
rCold    . . .     Gourm    .   (no shield)
rNeg     + . .     Faith    .   B - +0 leather armour
rPois    .         Spirit   .   (no helmet)
rElec    .         Reflect  .   (no cloak)
rCorr    .         Harm     .   G - +1 pair of gloves
MR       .....                  (no boots)
Stlth    ++........             (no amulet)
HPRegen  0.20/turn              n - ring of positive energy
MPRegen  0.15/turn              (no ring)

@: very slightly contaminated, drained
A: distributed training, fangs 1, strong nose
a: no special abilities


You were on level 6 of the Dungeon.
You were not hungry.

You visited 1 branch of the dungeon, and saw 7 of its levels.
You also visited: Ossuary.

You collected 172 gold pieces.

Inventory:

Hand Weapons
 a - a +0 hand axe (weapon)
 f - a +0 dagger
 j - a +2 whip of flaming
   (You took it off Pikel on level 4 of the Dungeon)
 m - a +0 scythe
 p - a cursed -3 hunting sling
 s - a +0 flail
Missiles
 q - 22 stones (quivered)
Armour
 B - a +0 leather armour (worn)
 G - a +1 pair of gloves (worn)
Jewellery
 n - a ring of positive energy (left hand)
   (You found it on level 2 of the Dungeon)
Wands
 i - a wand of flame (21)
 v - a wand of polymorph (7)
Scrolls
 e - a scroll of amnesia
 g - 2 scrolls of acquirement {unknown}
 h - 5 scrolls of teleportation
 k - a scroll of brand weapon {unknown}
 l - 2 scrolls of fear
 r - 2 scrolls of remove curse
 y - a scroll of enchant weapon
Potions
 b - a potion of resistance {unknown}
 o - 2 potions of lignification
 t - a potion of curing
Books
 d - a book of Battle

   Spells                             Type                      Level
   a - Infusion                       Charms                       1
   b - Shroud of Golubria             Charms/Translocation         2
   c - Song of Slaying                Charms                       2
   d - Spectral Weapon                Hexes/Charms                 3
   e - Regeneration                   Charms/Necromancy            3
 u - a book of Conjurations
   (You found it on level 3 of the Dungeon)

   Spells                             Type                      Level
   a - Magic Dart                     Conjuration                  1
   b - Searing Ray                    Conjuration                  2
   c - Dazzling Spray                 Conjuration/Hexes            3
   d - Fulminant Prism                Conjuration/Hexes            4
   e - Force Lance                    Conjuration/Translocation    4
   f - Iskenderun's Mystic Blast      Conjuration                  4
Comestibles
 c - 3 rations


   Skills:
 + Level 5.7(5.6) Fighting
 + Level 3.3(3.2) Short Blades
 + Level 3.3(3.2) Long Blades
 + Level 5.7(5.6) Axes
 + Level 3.3(3.2) Maces & Flails
 + Level 3.3(3.2) Polearms
 + Level 3.3(3.2) Staves
 + Level 3.3(3.2) Slings
 + Level 3.3(3.2) Bows
 + Level 3.3(3.2) Crossbows
 + Level 3.3(3.2) Throwing
 + Level 4.2(4.1) Armour
 + Level 5.7(5.6) Dodging
 + Level 3.3(3.2) Stealth
 + Level 3.3(3.2) Shields
 + Level 3.3(3.2) Unarmed Combat
 + Level 6.0(5.9) Spellcasting
 + Level 2.6 Conjurations
 + Level 2.6 Hexes
 + Level 6.1(6.0) Charms
 + Level 2.6 Summonings
 + Level 2.6 Necromancy
 + Level 2.6 Translocations
 + Level 2.6 Transmutations
 + Level 2.6 Fire Magic
 + Level 2.6 Ice Magic
 + Level 2.6 Air Magic
 + Level 2.6 Earth Magic
 + Level 2.6 Poison Magic
 + Level 3.6(3.5) Invocations
 + Level 3.3(3.2) Evocations


You had 9 spell levels left.
You knew the following spells:

 Your Spells              Type           Power        Failure   Level  Hunger
g - Shroud of Golubria    Chrm/Tloc      ###.......   3%          2    None
r - Regeneration          Chrm/Necr      ###.......   7%          3    ##.....
w - Spectral Weapon       Hex/Chrm       ###.....     7%          3    ##.....
y - Song of Slaying       Chrm           ####....     1%          2    None


Dungeon Overview and Level Annotations

Branches:
Dungeon (7/15)
 Temple: D:4-7

Altars:
Dithmenos
Vehumet


Innate Abilities, Weirdness & Mutations

Your experience applies equally to all skills.
You have very sharp teeth.
Your uncanny sense of smell can sniff out nearby items.


Message History

Confirm with . or Enter, or press ? or * to list all spells.
You miscast Spectral Weapon.
Your skin tingles.
The worker ant barely misses your spectral weapon.
Casting: Spectral Weapon
Confirm with . or Enter, or press ? or * to list all spells.
Your spectral weapon fades away.
You draw out your weapon's spirit!
You slash the worker ant! Your bite misses the worker ant.
The worker ant is heavily wounded.
Your spectral weapon barely misses the worker ant.
The worker ant bites you but does no damage.
You hit the worker ant but do no damage.
The worker ant is heavily wounded.
Your spectral weapon misses the worker ant.
The worker ant bites you.
You are poisoned.
The worker ant poisons you! The worker ant completely misses you.
You closely miss the worker ant.
The worker ant is heavily wounded.
You feel sick.
Your spectral weapon hits the worker ant!
You kill the worker ant!
An orc comes into view. It is wielding a flail.
You feel sick.
You see here 14 gold pieces.
You now have 172 gold pieces (gained 14).
You feel sick.
You hit the orc.
The orc is moderately wounded.
Your spectral weapon hits the orc.
You kill the orc!
You feel sick.
Things that are here:
a flail; a scale mail You swap places.
You see here a worker ant corpse.
Casting: Spectral Weapon
Confirm with . or Enter, or press ? or * to list all spells.
Your skin crawls.
Your skin is crawling a little less now.
You feel sick.
You feel sick.
Your skin stops crawling.
Found a runed door.
You feel sick.
You feel your bond with your spectral weapon wane.
You open the door.
Crazy Yiuf the Enlightened comes into view.
He is wielding a quarterstaff of chaos.
Found a mace.
You feel sick.
There is an open door here.
Casting: Regeneration
Confirm with . or Enter, or press ? or * to list all spells.
You draw out your weapon's spirit!
Crazy Yiuf shouts!
Crazy Yiuf barely misses your spectral weapon.
You swap places.
Crazy Yiuf closely misses you.
You barely miss Crazy Yiuf. You bite Crazy Yiuf, but do no damage.
You feel sick.
You are no longer poisoned.
Your spectral weapon hits Crazy Yiuf.
You hit Crazy Yiuf.
Crazy Yiuf is lightly wounded.
Your spectral weapon hits Crazy Yiuf but does no damage.
Crazy Yiuf completely misses you.
You barely miss Crazy Yiuf.
Crazy Yiuf is lightly wounded.
Your spectral weapon hits Crazy Yiuf.
Crazy Yiuf flaps his cloak.
Crazy Yiuf closely misses you.
You barely miss Crazy Yiuf.
Crazy Yiuf is lightly wounded.
Your spectral weapon hits Crazy Yiuf but does no damage.
Crazy Yiuf hits you with a quarterstaff of chaos.
You feel your power leaking away.
You hit Crazy Yiuf.
Crazy Yiuf is moderately wounded.
Your spectral weapon hits Crazy Yiuf.
Crazy Yiuf closely misses you.
You hit Crazy Yiuf.
Crazy Yiuf is heavily wounded.
Your spectral weapon hits Crazy Yiuf.
Crazy Yiuf misses you.
Your leather armour prevents you from hitting Crazy Yiuf.
Crazy Yiuf is heavily wounded.
Your spectral weapon hits Crazy Yiuf.
Crazy Yiuf hits you with a quarterstaff of chaos!
You partially resist.
You feel drained.
You closely miss Crazy Yiuf. Your bite misses Crazy Yiuf.
Crazy Yiuf is severely wounded.
Your spectral weapon hits Crazy Yiuf!
You kill Crazy Yiuf!
Things that are here:
a quarterstaff of chaos; a cloak
There is an open door here.
Your spectral weapon fades away.
You see here a worker ant corpse.
Things that are here:
a flail; a scale mail An orc wizard comes into view.
It is wielding a dagger.
Are you sure you want to abandon this character and quit the game? (Confirm with "yes".)

*,*,,#........#.###
*,**,#........#...#
#.............###.#
####.##.......# #.#
#.*###########.#
#,* *,,,,,o.#.# *,*
*,,,,*#.#.# *,*
*,*#.##.#.# *,*
*,*#....@.#
*,****,*####.###
*,,,,,,****#.*
******,,,,,..*
*****###*


You could see an orc wizard (wandering).

Vanquished Creatures
  Pikel (D:4)
  Sigmund (D:4)
  A steam dragon (D:6)
  An ice beast (D:6)
  A bullfrog (D:6)
  A crimson imp (D:6)
  Crazy Yiuf (D:6)
  A hound (D:5)
  An orc priest (D:6)
  2 iguanas
  3 worker ants (D:6)
  A hound skeleton (D:6)
  3 mummies (Ossuary)
  3 adders
  An ooze (D:2)
  3 adder zombies (Ossuary)
  A worm (D:2)
  A dart slug (D:1)
  17 orcs
  6 giant cockroaches
  3 goblins
  2 hobgoblins
  10 jackals
  4 kobolds
  2 quokkas
  3 bats
  A frilled lizard (D:2)
  3 goblin zombies (Ossuary)
  3 hobgoblin zombies (Ossuary)
  2 kobold zombies (Ossuary)
  A leopard gecko skeleton (D:4)
  4 quokka zombies (Ossuary)
  6 rats
  3 rat zombies (Ossuary)
97 creatures vanquished.

Vanquished Creatures (others)
  An orc wizard (D:4)
  An orc (D:6)
  A spectral weapon (D:4)
3 creatures vanquished.

Grand Total: 100 creatures vanquished

Notes
Turn   | Place    | Note
-------+----------+-------------------------------------------
     0 | D:1      | tidbits the Gnoll Skald began the quest for the Orb.
     0 | D:1      | Reached XP level 1. HP: 20/20 MP: 6/6
   185 | D:1      | Reached XP level 2. HP: 23/26 MP: 2/7
   353 | D:2      | Learned a level 2 spell: Song of Slaying
   356 | D:2      | Learned a level 2 spell: Shroud of Golubria
   378 | D:2      | Reached skill level 5 in Spellcasting
   378 | D:2      | Reached XP level 3. HP: 29/31 MP: 1/9
   432 | D:2      | Reached skill level 1 in Invocations
   469 | D:2      | Learned a level 3 spell: Regeneration
   473 | D:2      | Learned a level 3 spell: Spectral Weapon
   498 | D:2      | Reached skill level 1 in Short Blades
   498 | D:2      | Reached skill level 1 in Long Blades
   498 | D:2      | Reached skill level 1 in Maces & Flails
   498 | D:2      | Reached skill level 1 in Polearms
   498 | D:2      | Reached skill level 1 in Staves
   498 | D:2      | Reached skill level 1 in Slings
   498 | D:2      | Reached skill level 1 in Bows
   498 | D:2      | Reached skill level 1 in Crossbows
   498 | D:2      | Reached skill level 1 in Throwing
   498 | D:2      | Reached skill level 1 in Stealth
   498 | D:2      | Reached skill level 1 in Shields
   498 | D:2      | Reached skill level 1 in Unarmed Combat
   498 | D:2      | Reached skill level 1 in Evocations
   505 | D:2      | Reached XP level 4. HP: 14/38 MP: 2/11
   674 | D:4      | Noticed Sigmund
   690 | D:4      | Killed Sigmund
   690 | D:4      | Reached skill level 3 in Armour
   690 | D:4      | Reached skill level 1 in Conjurations
   690 | D:4      | Reached skill level 1 in Hexes
   690 | D:4      | Reached skill level 1 in Summonings
   690 | D:4      | Reached skill level 1 in Necromancy
   690 | D:4      | Reached skill level 1 in Translocations
   690 | D:4      | Reached skill level 1 in Transmutations
   690 | D:4      | Reached skill level 1 in Fire Magic
   690 | D:4      | Reached skill level 1 in Ice Magic
   690 | D:4      | Reached skill level 1 in Air Magic
   690 | D:4      | Reached skill level 1 in Earth Magic
   690 | D:4      | Reached skill level 1 in Poison Magic
   690 | D:4      | Reached XP level 5. HP: 29/43 MP: 5/12
   695 | D:4      | Reached skill level 2 in Invocations
   695 | D:4      | Reached XP level 6. HP: 33/50 MP: 6/13
   709 | D:4      | Noticed a slave
   713 | D:4      | Noticed Pikel
   716 | D:4      | Noticed a slave
   717 | D:4      | Noticed a slave
   734 | D:4      | Noticed a slave
   748 | D:4      | Killed Pikel
   748 | D:4      | Reached skill level 5 in Fighting
   748 | D:4      | Reached skill level 2 in Short Blades
   748 | D:4      | Reached skill level 2 in Long Blades
   748 | D:4      | Reached skill level 5 in Axes
   748 | D:4      | Reached skill level 2 in Maces & Flails
   748 | D:4      | Reached skill level 2 in Polearms
   748 | D:4      | Reached skill level 2 in Staves
   748 | D:4      | Reached skill level 2 in Slings
   748 | D:4      | Reached skill level 2 in Bows
   748 | D:4      | Reached skill level 2 in Crossbows
   748 | D:4      | Reached skill level 2 in Throwing
   748 | D:4      | Reached skill level 5 in Dodging
   748 | D:4      | Reached skill level 2 in Stealth
   748 | D:4      | Reached skill level 2 in Shields
   748 | D:4      | Reached skill level 2 in Unarmed Combat
   748 | D:4      | Reached skill level 2 in Conjurations
   748 | D:4      | Reached skill level 2 in Hexes
   748 | D:4      | Reached skill level 2 in Summonings
   748 | D:4      | Reached skill level 2 in Necromancy
   748 | D:4      | Reached skill level 2 in Translocations
   748 | D:4      | Reached skill level 2 in Transmutations
   748 | D:4      | Reached skill level 2 in Fire Magic
   748 | D:4      | Reached skill level 2 in Ice Magic
   748 | D:4      | Reached skill level 2 in Air Magic
   748 | D:4      | Reached skill level 2 in Earth Magic
   748 | D:4      | Reached skill level 2 in Poison Magic
   748 | D:4      | Reached skill level 2 in Evocations
   748 | D:4      | Reached XP level 7. HP: 40/56 MP: 2/15
   808 | D:5      | Entered Level 5 of the Dungeon
   930 | D:6      | Noticed a steam dragon
   940 | D:6      | HP: 4/56 [steam dragon (3)]
   941 | D:6      | Killed a steam dragon
   941 | D:6      | Reached skill level 3 in Invocations
   941 | D:6      | Reached XP level 8. HP: 5/63 MP: 2/16
   987 | D:6      | Found a radiant altar of Vehumet.
  1012 | D:6      | Found a sand-covered staircase.
  1066 | D:6      | Reached skill level 6 in Charms
  1104 | Ossuary  | Entered an ossuary
  1114 | Ossuary  | Reached skill level 4 in Armour
  1138 | Ossuary  | Reached skill level 3 in Short Blades
  1138 | Ossuary  | Reached skill level 3 in Long Blades
  1138 | Ossuary  | Reached skill level 3 in Maces & Flails
  1138 | Ossuary  | Reached skill level 3 in Polearms
  1138 | Ossuary  | Reached skill level 3 in Staves
  1138 | Ossuary  | Reached skill level 3 in Slings
  1138 | Ossuary  | Reached skill level 3 in Bows
  1138 | Ossuary  | Reached skill level 3 in Crossbows
  1138 | Ossuary  | Reached skill level 3 in Throwing
  1138 | Ossuary  | Reached skill level 3 in Stealth
  1138 | Ossuary  | Reached skill level 3 in Shields
  1138 | Ossuary  | Reached skill level 3 in Unarmed Combat
  1138 | Ossuary  | Reached skill level 3 in Evocations
  1290 | D:5      | Found a shadowy altar of Dithmenos.
  1308 | D:6      | Found a shadowy altar of Dithmenos.
  1335 | D:6      | Reached skill level 6 in Spellcasting
  1388 | D:6      | Found a runed door.
  1392 | D:6      | Noticed Crazy Yiuf
  1404 | D:6      | Killed Crazy Yiuf
  1433 | D:6      | Quit the game

Skill      XL: |  1  2  3  4  5  6  7  8 |
---------------+-------------------------+-----
Spellcasting   | 5 6 |  6.0
Invocations    | 1 2 3 |  3.6
Short Blades   | 1 2 3 |  3.3
Long Blades    | 1 2 3 |  3.3
Maces & Flails | 1 2 3 |  3.3
Polearms       | 1 2 3 |  3.3
Staves         | 1 2 3 |  3.3
Slings         | 1 2 3 |  3.3
Bows           | 1 2 3 |  3.3
Crossbows      | 1 2 3 |  3.3
Throwing       | 1 2 3 |  3.3
Stealth        | 1 2 3 |  3.3
Shields        | 1 2 3 |  3.3
Unarmed Combat | 1 2 3 |  3.3
Evocations     | 1 2 3 |  3.3
Armour         | 3 4 |  4.2
Conjurations   | 1 2 |  2.6
Hexes          | 1 2 |  2.6
Summonings     | 1 2 |  2.6
Necromancy     | 1 2 |  2.6
Translocations | 1 2 |  2.6
Transmutations | 1 2 |  2.6
Fire Magic     | 1 2 |  2.6
Ice Magic      | 1 2 |  2.6
Air Magic      | 1 2 |  2.6
Earth Magic    | 1 2 |  2.6
Poison Magic   | 1 2 |  2.6
Fighting       | 5 |  5.7
Axes           | 5 |  5.7
Dodging        | 5 |  5.7
Charms         | 6 |  6.1

Action                   |  1- 3 |  4- 6 |  7- 9 || total
-------------------------+-------+-------+-------++-------
Melee: Hand axe          |    63 |    42 |   139 ||   244
       Bite              |     2 |     5 |    13 ||    20
       Unarmed           |       |    29 |     3 ||    32
       Dagger            |       |       |     1 ||     1
       Punch             |       |       |     2 ||     2
Throw: Stone             |       |       |     1 ||     1
 Cast: Infusion          |     4 |       |       ||     4
       Spectral Weapon   |     1 |     5 |    15 ||    21
       Shroud of Golubri |     1 |     2 |     4 ||     7
       Regeneration      |     1 |     2 |     5 ||     8
  Use: Scroll            |       |     5 |     5 ||    10
       Potion            |       |     3 |     3 ||     6
 Stab: Distracted        |       |       |     3 ||     3
  Eat: Ration            |       |       |     2 ||     2
       Chunk             |       |       |     1 ||     1
Armor: Leather armour    |    18 |    12 |    19 ||    49
       Skin              |       |    31 |     2 ||    33
Dodge: Dodged            |    61 |    43 |   100 ||   204

Table legend:
 A = Turns spent in this place as a percentage of turns spent in the entire game.
 B = Non-inter-level travel turns spent in this place as a percentage of non-inter-level travel turns spent in the entire game.
 C = Inter-level travel turns spent in this place as a percentage of turns spent in this place.
 D = Turns resting spent in this place as a percentage of non-inter-level travel turns spent in this place.
 E = Turns spent auto-exploring this place as a percentage of non-inter-level travel turns spent in this place.
 F = Non-inter-level travel turns spent in this place divided by the number of levels of this place that you've seen.
                   A       B       C       D       E      F
               +-------+-------+-------+-------+-------+----------------------
         Total | 100.0 | 100.0 |   0.0 |   0.0 |   1.8 | 179.1
       Dungeon |  89.6 |  89.6 |   0.0 |   0.0 |   2.0 | 183.4
       Ossuary |  10.4 |  10.4 |   0.0 |   0.0 |   0.0 | 149.0
               +-------+-------+-------+-------+-------+----------------------

Table legend:
 A = Kills in this place as a percentage of kills in entire the game.
 B = Kills by you in this place as a percentage of kills by you in the entire game.
 C = Kills by friends in this place as a percentage of kills by friends in the entire game.
 D = Other kills in this place as a percentage of other kills in the entire game.
 E = Experience gained in this place as a percentage of experience gained in the entire game.
 F = Experience gained in this place divided by the number of levels of this place that you have seen.
                   A       B       C       D       E      F
               +-------+-------+-------+-------+-------+----------------------
         Total | 100.0 | 100.0 |   N/A |   N/A | 100.0 | 226.1
       Dungeon |  78.4 |  78.4 |   N/A |   N/A |  95.4 | 246.6
       Ossuary |  21.6 |  21.6 |   N/A |   N/A |   4.6 |  83.0
               +-------+-------+-------+-------+-------+----------------------

Vault maps used:
D:1:      lightli_arrival_windingriver, minmay_misc_feat_chi, hex_intersection
D:2:      chequers_ecumenical_altar_grove
D:3:      fedhas_altar_4
D:4:      uniq_sigmund, uniq_pikel
D:5:      basic_altar, first_ration, minmay_misc_feat_x, kb_xom_exploding_sheep
D:6:      grunt_dithmenos_smoke, enter_ossuary_1, serial_shops,
          nicolae_shop_window_shopping, vehumet_altar_wand_db,
          uniq_crazy_yiuf_cottage
D:7:      kennysheep_mini_moat, minmay_temple_entry_mist,
          nicolae_ru_path_of_blood
Ossuary:  ossuary_minmay_chase
